 Dungeon Crawl Stone Soup version 0.30-a0-122-g2a1322497e (webtiles) character file.

Game seed: 17824756598558798265

93 IdlyInterested the Twirler (level 4, -2/33 HPs)
             Began as a Demonspawn Wanderer on Sept 16, 2022.
             Frozen to death by an endoplasm (3 damage)
             ... on level 3 of the Dungeon.
             The game lasted 00:06:31 (1997 turns).

IdlyInterested the Twirler (Demonspawn Wanderer)    Turns: 1997, Time: 00:06:31

Health: -2/33      AC:  9    Str: 12    XL:     4   Next: 37%
Magic:  5/5        EV: 10    Int: 19    God:
Gold:   112        SH:  0    Dex: 15    Spells: 4/5 levels left

rFire   . . .      SeeInvis .    a - +2 quarterstaff (vamp)
rCold   . . .      Faith    .    (shield currently unavailable)
rNeg    . . .      Spirit   .    h - +0 ring mail
rPois   .          Reflect  .    j - +2 hat
rElec   .          Harm     .    (no cloak)
rCorr   .          Rampage  .    (no gloves)
Will    .....                    g - +1 pair of boots
Stlth   +.........               (no amulet)
HPRegen 0.11/turn                e - +6 ring of intelligence
MPRegen 0.09/turn                (no ring)

@: no status effects
A: powered by death 1
a: no special abilities


You were on level 3 of the Dungeon.
You visited 1 branch of the dungeon, and saw 3 of its levels.

You collected 112 gold pieces.

Inventory:

Hand Weapons
 a - a +2 vampiric quarterstaff (weapon)
 f - a +0 long sword
 u - a +4 short sword
Armour
 d - a +0 robe
 g - a +1 pair of boots (worn)
 h - a +0 ring mail (worn)
 j - a +2 hat (worn)
 m - a +0 leather armour
 n - a +0 kite shield
Jewellery
 e - a +6 ring of intelligence (left hand)
 s - a ring of fire
Scrolls
 c - 2 scrolls of fear
 v - a scroll of amnesia {unknown}
Potions
 k - a potion of cancellation
 l - a potion of magic
 o - a potion of curing
 p - a potion of brilliance
 t - a potion of flight {unknown}
Miscellaneous
 b - a piece from Xom's chessboard (15/15)


   Skills:
 - Level 2.0 Fighting
 - Level 4.1 Staves
 - Level 1.0 Armour
 - Level 1.0 Dodging
 + Level 0.6 Stealth
 + Level 1.2 Spellcasting
 - Level 2.1 Necromancy
 * Level 2.8 Evocations


You had 4 spell levels left.
You knew the following spells:

 Your Spells              Type           Power      Damage    Failure   Level
a - Necrotise             Necr           36%        1d5       17%         1

Your spell library contained the following spells:

 Spells                   Type           Power      Damage    Failure   Level
 Beastly Appendage        Tmut           2%         N/A       38%         1
 Vampiric Draining        Necr           9%         2d6       45%         3
 Wereblood                Tmut           1%         N/A       54%         2
 Call Canine Familiar     Summ           1%         N/A       77%         3
 Portal Projectile        Hex/Tloc       2%         N/A       77%         3
 Spider Form              Tmut/Pois      1%         N/A       77%         3
 Leda's Liquefaction      Hex/Erth       0%         N/A       99%         4


Dungeon Overview and Level Annotations

Branches:
Dungeon (3/15)

Altars:
Cheibriados

Annotations:
D:3 Ijyb


Innate Abilities, Weirdness & Mutations

You regenerate a little health from kills.


Message History

You hit Ijyb but do no damage. Ijyb barely misses you.
The endoplasm closely misses you. The hobgoblin closely misses you.
You closely miss Ijyb.
The endoplasm hits you but does no damage.
Ijyb closely misses you. The hobgoblin hits you.
You barely miss Ijyb.
The endoplasm hits you but does no damage.
The hobgoblin hits you.
Ijyb zaps a wand.
The bolt of light hits you!
You are confused.
* * * LOW HITPOINT WARNING * * *
Unknown command.
You hit Ijyb.
You feel better.
Ijyb is lightly wounded.
The endoplasm jiggles.
The endoplasm barely misses you.
Ijyb screams, "No!
No, no, no, no!"
Ijyb hits you but does no damage. The hobgoblin closely misses you.
You miss Ijyb.
Ijyb is lightly wounded.
The endoplasm hits you but does no damage.
Ijyb hits you but does no damage. The hobgoblin hits you.
* * * LOW HITPOINT WARNING * * *
You hit Ijyb.
Ijyb is moderately wounded.
You feel less confused.
The endoplasm hits you but does no damage.
The hobgoblin barely misses you. Ijyb completely misses you.
You barely miss Ijyb.
Ijyb is moderately wounded.
The endoplasm freezes you.
You are frozen.
* * * LOW HITPOINT WARNING * * *
Ijyb hits you with a +0 dagger.
* * * LOW HITPOINT WARNING * * *
The hobgoblin closely misses you.
You closely miss Ijyb.
Ijyb is moderately wounded.
The endoplasm freezes you.
You are frozen.
You die...

#....####+######..#.#
.+...###.....###...+.#
.#..###.....###....#.#
.#.###.....###.....#.#
?####.....###.....##.##
.###.....###.....###..#
..####J#######+#####..#
......g@..........)...#
.....#g###...###..###.#
... ... #...###.####.#
. ..._. #...#........#
.....#. #...##†#######
.....## #......# ....
#..####### ....
#........# #......#.#


You could see Ijyb, an endoplasm and a hobgoblin.

Vanquished Creatures
  3 adders (D:2)
  A worm (D:2)
  2 dart slugs
  An orc (D:3)
  7 endoplasms
  4 giant cockroaches
  4 goblins (D:2)
  2 hobgoblins (D:1)
  6 jackals (D:1)
  A quokka (D:1)
  4 ball pythons
  6 bats
  4 kobolds
  9 rats
54 creatures vanquished.

Vanquished Creatures (others)
  A kobold (D:3)
1 creature vanquished.

Grand Total: 55 creatures vanquished

Notes
Turn   | Place    | Note
-------+----------+-------------------------------------------
     0 | D:1      | IdlyInterested the Demonspawn Wanderer began the quest for
                  | the Orb.
     0 | D:1      | IdlyInterested set off with the following items: a +2
                  | quarterstaff, a piece from Xom's chessboard (15/15), a
                  | scroll of fear, a +0 robe; and the following spell
                  | memorised: Necrotise; and the following spells available to
                  | memorise: Vampiric Draining.
     0 | D:1      | Reached XP level 1. HP: 13/13 MP: 2/2
     1 | D:1      | Found a runed translucent door.
   190 | D:1      | Reached skill level 1 in Fighting
   280 | D:1      | Gained mutation: You regenerate a little health from kills.
                  | [demonic ancestry]
   280 | D:1      | Reached XP level 2. HP: 21/21 MP: 3/3
   614 | D:1      | Reached skill level 4 in Staves
   799 | D:1      | Reached XP level 3. HP: 23/26 MP: 0/4
  1016 | D:2      | Reached skill level 1 in Armour
  1050 | D:2      | Reached XP level 4. HP: 33/33 MP: 5/5
  1487 | D:2      | Found a faded altar of an unknown god.
  1984 | D:3      | Noticed Ijyb
  1988 | D:3      | Found a snail-covered altar of Cheibriados.
  1996 | D:3      | HP: 1/33 [Ijyb/+0 dagger (2)]
  1997 | D:3      | Frozen to death by an endoplasm

Illustrated notes

Levels and vault maps discovered:
D:1:      dpeg_arrival_caged_fury, layout_basic
D:2:      layout_loops_ring, shapermc_ecumenical_altar_pompeii
D:3:      layout_basic, overflow_temple_1_default, nemelex_spade_bored_becter,
          serial_shops, nicolae_shop_stone, minmay_quadrilaterals, uniq_jessica,
          uniq_ijyb

Skill      XL: |  1  2  3 |
---------------+----------+-----
Fighting       | 1 2 |  2.0
Staves         | 4 |  4.1
Armour         | 1 |  1.0
Dodging        | |  1.0
Stealth        | |  0.6
Spellcasting   | |  1.2
Necromancy     | |  2.1
Evocations     | |  2.8

Action                   |  1- 3 |  4- 6 || total
-------------------------+-------+-------++-------
Melee: Quarterstaff      |    88 |    50 ||   138
 Cast: Necrotise         |     4 |     2 ||     6
  Use: Scroll            |     4 |     5 ||     9
 Stab: Sleeping          |     1 |       ||     1
Armor: Robe              |    31 |       ||    31
       Ring mail         |    11 |    26 ||    37
Dodge: Dodged            |    69 |    32 ||   101

Table legend: (Time is in decaauts)
 A = Elapsed time spent in this place.
 B = Non-inter-level travel time spent in this place.
 C = Inter-level travel time spent in this place.
 D = Time resting spent in this place.
 E = Time spent auto-exploring this place.
 F = Levels seen in this place.
 G = Mean time per level.
                   A        B        C        D        E       F      G
               +--------+--------+--------+--------+--------+-----+--------+
         Total |   2011 |   1735 |    276 |     62 |   1203 |   3 |  670.3 |
       Dungeon |   2011 |   1735 |    276 |     62 |   1203 |   3 |  670.3 |
               +--------+--------+--------+--------+--------+-----+--------+

Top non-repeatable levels by time:
     D:1: 978 daAuts
     D:2: 972 daAuts
     D:3: 60 daAuts
